 Dungeon Crawl Stone Soup version 0.20-a0-214-gb74cb0e (webtiles) character file.

12663 AlphabetPasta the Arsonist (level 11, -21/59 HPs)
             Began as a Gargoyle Fire Elementalist on Nov 27, 2016.
             Was a Believer of Vehumet.
             Demolished by a freezing wraith (22 damage)
             ... led by a death knight
             ... on level 11 of the Dungeon.
             The game lasted 01:03:42 (12363 turns).

AlphabetPasta the Arsonist (GrFE)                  Turns: 12363, Time: 01:03:46

Health: -21/59     AC: 14    Str: 12    XL:     11   Next: 96%
Magic:  26/33      EV: 12    Int: 19    God:    Vehumet [**....]
Gold:   598        SH:  0    Dex: 10    Spells: 9/28 levels left

rFire  . . .     SeeInvis +     c - staff of conjuration
rCold  . . .     Gourm    .     f - +2 robe {MR+}
rNeg   + . .     Faith    .     (no shield)
rPois  ∞         Spirit   .     j - +1 helmet
rElec  +         Reflect  .     m - +0 cloak
rCorr  .         Harm     .     (no gloves)
MR     +....                    (no boots)
Stlth  ++........               (no amulet)
                                v - ring of see invisible
                                q - ring of magical power

@: slowed, very slow
A: negative energy resistance 1, electricity resistance, unbreathing,
petrification resistance, rot immunity, AC +7
a: Renounce Religion


You were on level 11 of the Dungeon.
You worshipped Vehumet.
Vehumet was pleased with you.
You were not hungry.

You visited 2 branches of the dungeon, and saw 12 of its levels.

You collected 598 gold pieces.

Inventory:

Hand Weapons
 a - a +0 lajatang
Missiles
 t - 14 javelins (quivered)
Armour
 f - a +2 robe of magic resistance (worn)
 j - a +1 helmet (worn)
 m - a +0 cloak (worn)
 n - a +0 shield
 z - a +0 robe
Magical Staves
 c - an uncursed staff of conjuration (weapon)
 w - an uncursed staff of wizardry
Jewellery
 q - a ring of magical power (left hand)
 v - a ring of see invisible (right hand)
 K - an uncursed ring of magical power
 L - a +2 ring of protection
Wands
 o - a wand of polymorph (15/24)
 u - a wand of polymorph (13/24)
 x - a wand of teleportation (3/9)
 y - a wand of lightning (5/15)
 C - a wand of flame (22/48)
 D - a wand of flame (15/48)
 F - a wand of slowing (30/48)
 I - a wand of paralysis (5/24)
Scrolls
 p - 6 scrolls of teleportation
 B - 2 scrolls of magic mapping
 G - 2 scrolls of remove curse
 M - a scroll of silence
 O - 2 scrolls of enchant armour
Potions
 d - a potion of magic
 e - 3 potions of cure mutation
 g - 5 potions of might
 h - 6 potions of curing
 i - a potion of resistance
 k - 2 potions of berserk rage
 l - 4 potions of brilliance
 r - a potion of agility {unknown}
 H - 3 potions of invisibility
 J - 2 potions of heal wounds {unknown}
Books
 b - a book of Flames

   Spells                             Type                      Level
   a - Flame Tongue                   Conjuration/Fire             1
   b - Throw Flame                    Conjuration/Fire             2
   c - Conjure Flame                  Conjuration/Fire             3
   d - Inner Flame                    Hexes/Fire                   3
   e - Sticky Flame                   Conjuration/Fire             4
   f - Fireball                       Conjuration/Fire             5
 P - a book of the Earth

   Spells                             Type                      Level
   a - Leda's Liquefaction            Hexes/Earth                  4
   b - Bolt of Magma                  Conjuration/Fire/Earth       5
   c - Statue Form                    Transmutation/Earth          6
   d - Iron Shot                      Conjuration/Earth            6
   e - Shatter                        Earth                        9
Comestibles
 s - 5 beef jerkies
 A - a meat ration
 E - a royal jelly
 N - 7 bread rations
 Q - 3 chunks of flesh


   Skills:
 + Level 2.7 Fighting
 - Level 2.2 Staves
 - Level 2.0 Armour
 - Level 2.1 Dodging
 - Level 2.1 Stealth
 - Level 3.2 Shields
 * Level 9.3 Spellcasting
 + Level 8.8 Conjurations
 * Level 10.3 Fire Magic
 * Level 9.1 Earth Magic
 - Level 2.2 Evocations


You had 9 spell levels left.
You knew the following spells:

 Your Spells              Type           Power        Failure   Level  Hunger
a - Flame Tongue          Conj/Fire      #####        1%          1    None
b - Throw Flame           Conj/Fire      ######       1%          2    None
c - Conjure Flame         Conj/Fire      ######..     1%          3    None
d - Sticky Flame          Conj/Fire      ######..     1%          4    ###....
e - Bolt of Magma         Conj/Fire/Erth ######....   6%          5    #####..
f - Iskenderun's Mystic   Conj           ######..     1%          4    ###....


Dungeon Overview and Level Annotations

Branches:
Dungeon (11/15)            Temple (1/1) D:6            Lair (0/6) D:9
    Orc (0/2) D:11

Altars:
Ashenzari
Cheibriados
Dithmenos
Elyvilon
Fedhas
Gozag
Hepliaklqana
Kikubaaqudgha
Makhleb
Nemelex Xobeh
Okawaru
Qazlal
Ru
Sif Muna
Trog
Uskayaw
Vehumet
Xom
Yredelemnul
Zin
The Shining One

Shops:
D:4 %   D:11 [


Innate Abilities, Weirdness & Mutations

You are resistant to torment.
Your stone body is resilient. (AC +7)
You are immune to poison.
You resist negative energy. (rN+)
You are resistant to electric shocks. (rElec)
You can survive without breathing.
You are immune to petrification.
You are immune to rotting.


Message History

Casting: Sticky Flame
Confirm with . or Enter, or press ? or * to list all spells.
Aiming: Flame Tongue
Press: ? - help, Shift-Dir - straight line, f/p - freezing wraith
Aim: a freezing wraith (moderately damaged)
You feel a surge of power!
The flame tongue hits the freezing wraith.
The freezing wraith is burned terribly!
The freezing wraith is moderately damaged.
The freezing wraith hits you. The freezing wraith freezes you!
The freezing wraith hits you. The freezing wraith drains your vigour!
You feel yourself slow down.
The orc hits you from afar with a trident.
The freezing wraith hits you. The freezing wraith freezes you!!
* * * LOW HITPOINT WARNING * * *
The freezing wraith hits you but does no damage.
The orc misses you. The freezing wraith hits you.
* * * LOW HITPOINT WARNING * * *
The freezing wraith freezes you!!
You die...

. # ....#########.#
.......@.W....# #####
...#####W§.#### #...
#o..# #..# #...# #..#
#...# #<.#
#####...######..#
...................
.....................
.......o..............


You could see a freezing wraith, a phantom and an orc.

Vanquished Creatures
  Erica (D:9)
  A death knight (D:10)
  A skeletal warrior (D:10)
  An unseen horror (D:10)
  The ghost of Aviraven the Slicer, a novice VSEn of Kikubaaqudgha (D:9)
  A centaur skeleton (D:9)
  2 gargoyles
  A two-headed ogre (D:8)
  A hornet (D:8)
  3 trolls
  5 hippogriffs
  4 slime creatures (D:9)
  2 wyverns
  A yak (D:9)
  2 hungry ghosts
  Menkaure (D:5)
  Duvessa (D:5)
  A hornet zombie (D:8)
  A porcupine (D:9)
  4 black bears
  2 sky beasts
  3 orc warriors
  5 ice beasts
  2 eyes of draining
  4 ogres
  A phantom (D:6)
  5 centaurs
  6 bullfrogs
  A wyvern zombie (D:10)
  Dowan (D:5)
  A wyvern skeleton (D:9)
  4 scorpions
  A water moccasin skeleton (D:7)
  9 killer bees (D:9)
  4 howler monkeys
  5 wights (D:10)
  2 crimson imps (D:7)
  2 bullfrog zombies
  A centaur zombie (D:7)
  7 orc wizards
  A bullfrog skeleton (D:8)
  3 hounds
  3 jellies
  5 iguanas
  9 worker ants
  A killer bee zombie (D:5)
  A hound zombie (D:7)
  A howler monkey zombie (D:9)
  A worker ant zombie (D:5)
  19 adders
  7 shadow imps
  An ooze (D:4)
  2 adder skeletons
  A worm (D:3)
  4 dart slugs
  5 leopard geckos
  42 orcs
  A ball python (D:3)
  6 bats
  6 giant cockroaches
  7 goblins
  8 hobgoblins
  6 jackals
  5 kobolds
  4 quokkas
  6 frilled lizards
  2 goblin skeletons (D:8)
  A goblin zombie (D:8)
  2 hobgoblin zombies (D:8)
  A jackal skeleton (D:6)
  2 kobold skeletons (D:8)
  A kobold zombie (D:8)
  A leopard gecko skeleton (D:7)
  A leopard gecko zombie (D:9)
  An orc skeleton (D:8)
  A quokka skeleton (D:5)
  5 rats
274 creatures vanquished.

Vanquished Creatures (others)
  3 fungi (D:9)
  A plant (D:9)
4 creatures vanquished.

Grand Total: 278 creatures vanquished

Notes
Turn   | Place    | Note
-------+----------+-------------------------------------------
     0 | D:1      | AlphabetPasta the Gargoyle Fire Elementalist began the quest for the Orb.
     0 | D:1      | Reached XP level 1. HP: 10/10 MP: 3/3
   136 | D:1      | Reached XP level 2. HP: 10/15 MP: 0/5
   140 | D:1      | Learned a level 2 spell: Throw Flame
  1068 | D:2      | Reached XP level 3. HP: 19/19 MP: 4/6
  1454 | D:2      | Reached XP level 4. HP: 24/24 MP: 0/7
  1459 | D:2      | Learned a level 3 spell: Conjure Flame
  1618 | D:2      | Found an ancient bone altar of Kikubaaqudgha.
  1619 | D:2      | Found a hazy altar of Hepliaklqana.
  1956 | D:3      | Found a white marble altar of Elyvilon.
  2013 | D:3      | Found a faded altar of an unknown god.
  2315 | D:3      | Reached skill level 4 in Fire Magic
  2315 | D:3      | Reached XP level 5. HP: 10/28 MP: 0/9
  3000 | D:3      | Noticed a sky beast
  3011 | D:3      | Killed a sky beast
  3011 | D:3      | Reached XP level 6. HP: 23/32 MP: 2/10
  3017 | D:3      | Learned a level 4 spell: Sticky Flame
  3583 | D:4      | Reached skill level 5 in Fire Magic
  3827 | D:4      | Found Resiffai's Food Emporium.
  3882 | D:4      | Reached skill level 1 in Shields
  3882 | D:4      | Reached XP level 7. HP: 36/36 MP: 3/12
  4019 | D:4      | Found a basalt altar of Yredelemnul.
  4128 | D:5      | Entered Level 5 of the Dungeon
  4233 | D:5      | Reached skill level 5 in Conjurations
  4425 | D:5      | Noticed Menkaure
  4438 | D:5      | Found a blossoming altar of Fedhas.
  4461 | D:5      | Killed Menkaure
  4461 | D:5      | Reached skill level 1 in Armour
  4725 | D:5      | Reached skill level 1 in Fighting
  4725 | D:5      | Reached XP level 8. HP: 43/43 MP: 8/14
  4788 | D:5      | Reached skill level 6 in Fire Magic
  5028 | D:5      | Noticed Dowan
  5029 | D:5      | Noticed Duvessa
  5045 | D:5      | Killed Duvessa
  5049 | D:5      | Killed Dowan
  5052 | D:5      | Reached skill level 1 in Staves
  5367 | D:5      | Reached skill level 5 in Spellcasting
  5635 | D:6      | Found a staircase to the Ecumenical Temple.
  5663 | Temple   | Entered the Ecumenical Temple
  6372 | D:6      | Learned a level 5 spell: Bolt of Magma
  6546 | D:7      | Noticed a hippogriff
  6559 | D:7      | Killed a hippogriff
  6559 | D:7      | Reached skill level 7 in Fire Magic
  6559 | D:7      | Reached skill level 1 in Earth Magic
  6559 | D:7      | Reached XP level 9. HP: 46/47 MP: 13/17
  7006 | D:7      | Found a deep blue altar of Sif Muna.
  7015 | D:7      | Found a glowing silver altar of Zin.
  7425 | D:8      | Reached skill level 1 in Evocations
  7503 | D:8      | Noticed a hornet
  7508 | D:8      | Killed a hornet
  7603 | D:8      | Found a bloodstained altar of Trog.
  7853 | D:8      | Reached skill level 8 in Fire Magic
  7997 | D:8      | Learned a level 4 spell: Sticky Flame
  8049 | D:8      | Found a glowing golden altar of the Shining One.
  8106 | D:8      | Reached XP level 10. HP: 52/52 MP: 17/20
  8240 | D:8      | Reached skill level 5 in Earth Magic
  8564 | D:9      | Found a sparkling altar of Nemelex Xobeh.
  8584 | D:9      | Noticed Aviraven's ghost (novice VSEn)
  8586 | D:9      | Found a radiant altar of Vehumet.
  8694 | D:9      | Killed Aviraven's ghost
  8907 | D:9      | Became a worshipper of Vehumet
  9096 | D:9      | Reached skill level 9 in Fire Magic
  9271 | D:9      | Noticed a gargoyle
  9280 | D:9      | Killed a gargoyle
  9455 | D:9      | Found a staircase to the Lair.
  9520 | D:9      | Noticed Erica
  9538 | D:9      | Killed Erica
  9549 | D:9      | Reached XP level 11. HP: 38/57 MP: 0/23
  9925 | D:9      | Found a stormy altar of Qazlal.
 10163 | D:9      | Reached * piety under Vehumet
 10163 | D:9      | Offered knowledge of Shock by Vehumet.
 10507 | D:10     | Entered Level 10 of the Dungeon
 10574 | D:10     | Learned a level 4 spell: Iskenderun's Mystic Blast
 11112 | D:10     | Reached skill level 10 in Fire Magic
 11123 | D:10     | Reached ** piety under Vehumet
 11123 | D:10     | Offered knowledge of Magic Dart by Vehumet.
 11444 | D:10     | Noticed an unseen horror
 11449 | D:10     | Killed an unseen horror
 11469 | D:11     | Noticed a skeletal warrior
 11471 | D:11     | Noticed a death knight
 11493 | D:10     | Killed a skeletal warrior
 11645 | D:10     | Killed a death knight
 12141 | D:11     | Found a stormy altar of Qazlal.
 12194 | D:11     | Found a staircase to the Orcish Mines.
 12194 | D:11     | Found Leczasm's Armour Shop.
 12363 | D:11     | HP: 1/59 [freezing wraith[a death knight] (6)]
 12363 | D:11     | Demolished by a freezing wraith

Vault maps used:
D:1:      dpeg_arrival_rhombi
D:2:      gammafunk_temple_overflow_statue
D:3:      elyvilon_altar_1, chequers_ecumenical_altar_island, first_bread
D:4:      overflow_temple_1_default, serial_shops, shop_coins
D:5:      marbit_many_paths, uniq_duvessa, uniq_menkaure
D:7:      nicolae_overflow_crystal_walls, overflow_temple_1_default
D:8:      nicolae_tso_besieged_by_evil, bloody_trog
D:9:      kennysheep_little_box, kennysheep_mini,
          nemelex_xobeh_ov_fountains_minmay, grunt_lair_entry_orc_guard_hut,
          uniq_erica
D:11:     orc_david_3, basic_altar
Temple:   kb_temple_of_zot

Skill      XL: |  1  2  3  4  5  6  7  8  9 10 11 |
---------------+----------------------------------+-----
Conjurations   | 2 3 4 5 6 7 8 |  8.8
Fire Magic     | 4 5 7 8 9 10 | 10.3
Spellcasting   | 3 4 5 6 8 9 |  9.3
Shields        | 1 2 3 |  3.2
Armour         | 1 2 |  2.0
Fighting       | 1 2 |  2.7
Staves         | 2 |  2.2
Earth Magic    | 1 4 7 9 |  9.1
Evocations     | 2 |  2.2
Dodging        | 2 |  2.1
Stealth        | |  2.1

Action                   |  1- 3 |  4- 6 |  7- 9 | 10-12 || total
-------------------------+-------+-------+-------+-------++-------
Melee: Unarmed           |    14 |    14 |       |       ||    28
       Lajatang          |       |       |    74 |       ||    74
       Staff             |       |       |       |     7 ||     7
Throw: Javelin           |       |     5 |       |       ||     5
 Cast: Flame Tongue      |    63 |   101 |   248 |   275 ||   687
       Throw Flame       |       |     3 |    16 |    31 ||    50
       Sticky Flame      |       |       |    12 |    54 ||    66
       Bolt of Magma     |       |       |       |     3 ||     3
  Use: Scroll            |     6 |     3 |    14 |     3 ||    26
       Potion            |       |     1 |       |     1 ||     2
  Eat: Chunk             |     3 |     6 |     8 |    13 ||    30
       Pizza             |       |     1 |     1 |       ||     2
       Meat ration       |       |       |     1 |     2 ||     3
       Fruit             |       |       |       |     2 ||     2
Armor: Robe              |    11 |    22 |    81 |   102 ||   216
Dodge: Dodged            |    26 |    20 |   100 |   135 ||   281
